 Seeded DCSS version 0.29-a0-356-g7bc237e783 (webtiles) character file.

Game seed: 13387057801375688922 (custom seed)

11 zeratav the Ruffian (level 2, 25/25 HPs)
             Began as a Naga Transmuter on Apr 25, 2022.
             Quit the game on level 1 of the Dungeon.
             The game lasted 00:01:10 (844 turns).

zeratav the Ruffian (Naga Transmuter)                Turns: 844, Time: 00:01:11

Health: 25/25      AC:  1    Str: 12    XL:     2   Next: 25%
Magic:  5/5        EV:  9    Int: 13    God:
Gold:   17         SH:  0    Dex: 11    Spells: 4/5 levels left

rFire   . . .      SeeInvis +     - Unarmed
rCold   . . .      Faith    .   (no shield)
rNeg    . . .      Spirit   .   a - +0 robe
rPois   +          Reflect  .   (no helmet)
rElec   .          Harm     .   (no cloak)
rCorr   .          Rampage  .   (no gloves)
Will    .....                   (no barding)
Stlth   +.........              (no amulet)
HPRegen 0.08/turn               (no ring)
MPRegen 0.09/turn               (no ring)

@: very slow
A: AC +0, large, see invisible, deformed body, poison resistance, slowness 2,
spit poison 1, naga tail 1
a: Spit Poison


You were on level 1 of the Dungeon.
You visited 1 branch of the dungeon, and saw 1 of its levels.

You collected 17 gold pieces.


Innate Abilities, Weirdness & Mutations

Your serpentine skin is tough. (AC +0)
You have supernaturally acute eyesight. (SInv)
Armour fits poorly on your strangely shaped body.
Your system is resistant to poisons. (rPois)
You cover ground very slowly.
You can spit poison.
You have a snake-like lower body.


   Skills:
 - Level 1.0 Fighting
 - Level 1.5 Dodging
 + Level 3.6 Unarmed Combat
 - Level 2.0 Spellcasting
 - Level 2.0 Transmutations


You had 4 spell levels left.
You knew the following spells:

 Your Spells              Type           Power      Damage    Failure   Level
a - Beastly Appendage     Tmut           12%        N/A       11%         1

Your spell library contained the following spells:

 Spells                   Type           Power      Damage    Failure   Level
 Wereblood                Tmut           6%         N/A       17%         2
 Sandblast                Erth           2%         2d4       26%         1
 Passwall                 Tmut/Erth      2%         N/A       26%         2
 Spider Form              Tmut/Pois      3%         N/A       45%         3
 Stone Arrow              Conj/Erth      2%         3d7       58%         3
 Ice Form                 Ice/Tmut       3%         N/A       86%         4

Inventory:

Armour
 a - a +0 robe (worn)
Scrolls
 c - 2 scrolls of teleportation {unknown}
 e - a scroll of acquirement
Potions
 b - a potion of lignification {!q}
 d - 2 potions of curing {unknown}
 f - a potion of heal wounds {unknown}

Dungeon Overview and Level Annotations

Branches:
Dungeon (1/15)

Altars:

♣≈...##.#≈# #.................
8♣...''.8♣######.###.#########...
♣≈...##.#≈#......###.############
.....#8.########.............
....♣##.#≈≈ #.###.######## ...≈♣
#'##≈ #.# #.#
'##♣##8.8#≈#####.###.#
'#8###...#≈..........#
.....+...#≈.....@....#
.##8##...#≈..........# '#
♣≈#8.>#≈..........#
'##♣######≈...##.###.#
.≈≈≈≈≈≈≈≈≈≈##.##.###.###
..######### #........... #.#
####.###.### .# #.###.# ##
#.).#.###


There were no monsters in sight!


Message History

You hit the kobold.
You kill the kobold!
No target in view!
No target in view!
No target in view!
No target in view!
No target in view!
No target in view!
No target in view!
No target in view!
No target in view!
No target in view!
No target in view!
No target in view!
No target in view!
No target in view!
No target in view!
An endoplasm comes into view.
The endoplasm quivers.
HP[+2]
Your hp is fully restored (25).
An endoplasm is nearby!
Things that are here:
a +0 club {mace}; 2 stones {throwing}; a kobold corpse The endoplasm closely misses you.
You barely miss the endoplasm. The endoplasm freezes you.
You are frozen.
HP[-3]
You take 3 damage, and now have 22/25 hp.
You hit the endoplasm. The endoplasm freezes you.
You are frozen.
HP[-3]
You take 3 damage, and now have 19/25 hp.
You hit the endoplasm but do no damage. The endoplasm barely misses you.
You hit the endoplasm but do no damage. The endoplasm freezes you.
You are frozen.
HP[-1]
You take 1 damage, and now have 18/25 hp.
You are too injured to fight recklessly!
You are too injured to fight recklessly!
You are too injured to fight recklessly!
You are too injured to fight recklessly!
You are too injured to fight recklessly!
You are too injured to fight recklessly!
You are too injured to fight recklessly!
You are too injured to fight recklessly!
You are too injured to fight recklessly!
You are too injured to fight recklessly!
You are too injured to fight recklessly!
You are too injured to fight recklessly!
An endoplasm is nearby!
You barely miss the endoplasm.
The endoplasm jiggles.
The endoplasm freezes you.
You are frozen.
HP[-4]
You take 4 damage, and now have 14/25 hp.
You punch the endoplasm!
You kill the endoplasm!
You start resting.
HP[+11]
Your hp is fully restored (25).
c - 2 scrolls labelled KOFEITAKUA (gained 1) This is a scroll of acquirement!
Things that are here:
a +0 club {mace}; 2 stones {throwing}; a kobold corpse
There is a large open door here.
There is a large open door here.
You open the large door.
There is a large open door here.
There is a large open door here.
You open the large door.
There is a large open door here.
There is a large open door here.
There is a large open door here.
There is a large open door here.
There is a large open door here.
There is a large open door here.
You open the door.
Found an escape hatch in the floor.
There is an open door here.
There is a large open door here.
There is a large open door here.
There is a large open door here.
There is a large open door here.
You open the large door.
There is a large open door here.
There is a large open door here.
There is a large open door here.
There is a large open door here.
There is a large open door here.
There is a large open door here.
There is a large open door here.
There is a large open door here.
There is a large open door here.
There is a large open door here.
Are you sure you want to abandon this character and quit the game? (Confirm with "yes".)

Action                   || total
-------------------------++-------
Melee: Unarmed           ||    38
Armor: Robe              ||     4
Dodge: Dodged            ||    13

Levels and vault maps discovered:
D:1:      saegor_arrival_fortress, layout_rooms,
          shapermc_ecumenical_altar_acropolis, hangedman_decor_riveting

Notes
Turn   | Place    | Note
-------+----------+-------------------------------------------
     0 | D:1      | zeratav the Naga Transmuter began the quest for the Orb.
     0 | D:1      | Reached XP level 1. HP: 18/18 MP: 3/3
     0 | D:1      | magus.rc [v1.9.6]
   149 | D:1      | HP: 2/18 [frilled lizard (3)]
   151 | D:1      | Reached XP level 2. HP: 4/25 MP: 5/5
   485 | D:1      | You pick up a book of Geomancy and begin reading...
   485 | D:1      | You add the spells Sandblast, Passwall and Stone Arrow to
                  | your library.
   669 | D:1      | Identified a scroll of acquirement
   844 | D:1      | Quit the game

Vanquished Creatures
  A ball python (D:1)
  An endoplasm (D:1)
  A giant cockroach (D:1)
  2 goblins (D:1)
  A hobgoblin (D:1)
  2 frilled lizards (D:1)
  A kobold (D:1)
  A rat (D:1)
10 creatures vanquished.

Table legend:
 A = Non-vault XP
 B = Vault XP
 C = Vault XP percentage of total XP
 D = Non-vault monster count
 E = Vault monster count
 F = Vault count percentage of total count
                 A         B        C        D         E       F
            +---------+---------+-------+---------+---------+-------
      Total |      16 |       0 |   0.0 |      10 |       0 |   0.0
            +---------+---------+-------+---------+---------+-------
        D:1 |      16 |       0 |   0.0 |      10 |       0 |   0.0
            +---------+---------+-------+---------+---------+-------

Illustrated notes

Table legend:
 A = Kills in this place as a percentage of kills in entire the game.
 B = Kills by you in this place as a percentage of kills by you in the entire game.
 C = Kills by friends in this place as a percentage of kills by friends in the entire game.
 D = Other kills in this place as a percentage of other kills in the entire game.
 E = Experience gained in this place as a percentage of experience gained in the entire game.
 F = Experience gained in this place divided by the number of levels of this place that you have seen.
                   A       B       C       D       E      F
               +-------+-------+-------+-------+-------+----------------------
         Total | 100.0 | 100.0 |   N/A |   N/A | 100.0 |  16.0
       Dungeon | 100.0 | 100.0 |   N/A |   N/A | 100.0 |  16.0
               +-------+-------+-------+-------+-------+----------------------

Table legend: (Time is in decaauts)
 A = Elapsed time spent in this place.
 B = Non-inter-level travel time spent in this place.
 C = Inter-level travel time spent in this place.
 D = Time resting spent in this place.
 E = Time spent auto-exploring this place.
 F = Levels seen in this place.
 G = Mean time per level.
                   A        B        C        D        E       F      G
               +--------+--------+--------+--------+--------+-----+--------+
         Total |    967 |    724 |    243 |    390 |    234 |   1 |  967.0 |
       Dungeon |    967 |    724 |    243 |    390 |    234 |   1 |  967.0 |
               +--------+--------+--------+--------+--------+-----+--------+

Top non-repeatable levels by time:
     D:1: 967 daAuts
